 Dungeon Crawl Stone Soup version 0.30.0-29-ga12c61a403 (webtiles) character file.

Game seed: 3674606681516583553

18808 Fecro the Unseen (level 12, -2/58 HPs)
             Began as a Spriggan Brigand on June 20, 2023.
             Was a High Priest of Dithmenos.
             Shot with an arrow by a centaur warrior (13 damage)
             ... on level 13 of the Dungeon.
             The game lasted 01:28:56 (13635 turns).

Fecro the Unseen (Spriggan Brigand)                Turns: 13635, Time: 01:28:56

Health: -2/58      AC:  6    Str:  3    XL:     12   Next: 31%
Magic:  35/35      EV: 21    Int: 13    God:    Dithmenos [*****.]
Gold:   685        SH:  0    Dex: 21    Spells: 27/29 levels left

rFire   + . .        a - +4 dagger (chaos)
rCold   + . .        O - orb {mayhem}
rNeg    + . .        b - +2 robe {Will+}
rPois   .            G - +1 hat of Famiwkao {Rampage rF+ rN+ Str-4}
rElec   .            c - +0 cloak
rCorr   .            (gloves unavailable)
SInv    +            (boots unavailable)
Will    +++..        (no amulet)
Stlth   +++++        l - ring of magical power
HPRegen 0.29/turn    u - ring of protection from cold
MPRegen 0.24/turn

%: mayhem, rampage
@: confused, ambrosia-drunk, wreathed by umbra, very quick
A: very small, no large weapons, unfitting armour, see invisible, speed 3
a: Renounce Religion, Shadow Step, Shadow Form


You were on level 13 of the Dungeon.
You worshipped Dithmenos.
Dithmenos was extremely pleased with you.
You visited 3 branches of the dungeon, and saw 15 of its levels.

You collected 867 gold pieces.
You spent 182 gold pieces at shops.

Inventory:

Hand Weapons
 a - a +4 dagger of chaos (weapon)
 j - a +1 sling of freezing
Missiles
 d - 45 poisoned darts
 i - 151 stones
 y - 2 datura-tipped darts
 F - 4 atropa-tipped darts (quivered)
 J - 2 throwing nets
 P - a curare-tipped dart
Armour
 b - a +2 robe of willpower (worn)
 c - a +0 cloak (worn)
 G - the +1 hat of Famiwkao (worn) {Rampage rF+ rN+ Str-4}
   (You found it on level 7 of the Dungeon)

   Str:       It affects your strength (-4).
   rF:        It protects you from fire.
   rN:        It protects you from negative energy.
   Rampage:   It bestows one free step when moving towards enemies.
 O - an orb of mayhem (worn)
Jewellery
 e - a ring of ice
 l - a ring of magical power (left hand)
 u - a ring of protection from cold (right hand)
Wands
 H - a wand of polymorph (5)
 K - a wand of quicksilver (1)
 N - a wand of charming (5)
Scrolls
 f - a scroll of identify
 g - 2 scrolls of torment
 k - a scroll of fear
 o - 4 scrolls of teleportation
 p - a scroll of fog {unknown}
 r - 2 scrolls of poison
 s - a scroll of enchant weapon {unknown}
 v - a scroll of magic mapping {unknown}
 B - 2 scrolls of enchant armour
 C - a scroll of amnesia {unknown}
 E - a scroll of vulnerability {unknown}
Potions
 h - a potion of attraction {unknown}
 n - a potion of degeneration {unknown}
 q - 3 potions of haste {unknown}
 t - 4 potions of magic {unknown}
 w - 3 potions of lignification {unknown}
 x - 3 potions of invisibility {unknown}
 z - 7 potions of ambrosia
 A - 3 potions of curing {unknown}
 D - 2 potions of berserk rage {unknown}
 I - a potion of flight {unknown}
 L - a potion of mutation {unknown}
 M - a potion of brilliance {unknown}
Miscellaneous
 m - a lightning rod (inert)


   Skills:
 + Level 4.1 Fighting
 + Level 6.3 Short Blades
 + Level 5.6 Ranged Weapons
 * Level 9.3 Throwing
 + Level 5.3 Dodging
 * Level 20.1 Stealth
 + Level 0.5 Shields
 * Level 9.4 Spellcasting
 + Level 3.5 Evocations


You had 27 spell levels left.
You knew the following spells:

 Your Spells              Type           Power      Damage    Failure   Level
a - Slow                  Hex            24%        N/A       12%         1
b - Summon Small Mammal   Summ           24%        N/A       12%         1

Your spell library contained the following spells:

 Spells                   Type           Power      Damage    Failure   Level
 Lesser Beckoning         Tloc           12%        N/A       19%         2
 Call Canine Familiar     Summ           6%         N/A       34%         3
 Confusing Touch          Hex            6%         N/A       34%         3
 Dazzling Flash           Conj/Hex       12%        N/A       34%         3
 Gell's Gravitas          Tloc           6%         N/A       34%         3
 Ozocubu's Armour         Ice            6%         N/A       34%         3
 Summon Guardian Golem    Hex/Summ       6%         N/A       34%         3
 Teleport Other           Tloc           6%         N/A       34%         3
 Vampiric Draining        Necr           6%         2d6       34%         3
 Volatile Blastmotes      Fire/Tloc      12%        2d11      34%         3
 Iskenderun's Mystic Bla  Conj/Tloc      6%         2d4       75%         4
 Petrify                  Tmut/Erth      6%         N/A       75%         4
 Lee's Rapid Deconstruct  Erth           3%         3d5*      97%         5
 Dispersal                Tloc           3%         N/A       100%        6
 Starburst                Conj/Fire      3%         6d3       100%        6
 Ozocubu's Refrigeration  Ice            3%         4d8       100%        7
 Chain Lightning          Conj/Air       3%         3d4       100%        9
 Fire Storm               Conj/Fire      3%         8d1       100%        9
 Shatter                  Erth           3%         3d7*      100%        9


Dungeon Overview and Level Annotations

Branches:
Dungeon (13/15)            Temple (1/1) D:4            Lair (1/5) D:10
    Orc (0/2) D:11
 Vaults: D:13-14

Altars:
Ashenzari
Cheibriados
Dithmenos
Elyvilon
Fedhas
Gozag
Hepliaklqana
Kikubaaqudgha
Makhleb
Nemelex Xobeh
Okawaru
Qazlal
Ru
Sif Muna
Trog
Uskayaw
Vehumet
Wu Jian
Xom
Yredelemnul
Zin
The Shining One

Shops:
D:4 [   D:11 [   D:12 ([(*:

Annotations:
D:9 3 runed translucent doors, suzumiya's ghost, novice HuFi
D:13 2 transporters, LynnLen's ghost, journeyman SpEn


Innate Abilities, Weirdness & Mutations

You are very small and have problems with some larger weapons.
You are too small for most types of armour.
You have supernaturally acute eyesight. (SInv)
You cover ground extremely quickly. (Speed+++)


Message History

Found a leather armour, a scale mail and 5 stones.
An orc wizard and a centaur warrior come into view.
Found a stone staircase leading up.
Found a smoky amethyst potion.
You rampage towards the orc wizard!
The helpless orc wizard fails to defend itself.
You stick the orc wizard like a pincushion!!!!!
You kill the orc wizard!
Dithmenos accepts your kill.
The orc priest shouts!
The orc priest flies into a frenzy!
The centaur warrior shouts!
The centaur warrior wields a +0 shortbow.
The centaur warrior shoots an arrow.
The arrow hits the orc priest!!
The orc priest dies!
The centaur warrior shoots an arrow.
The arrow closely misses you.
The centaur warrior shoots an arrow.
The arrow hits you!
The killer bee buzzes angrily.
You hear an angry buzzing noise. x2
The hornet buzzes angrily.
The centaur warrior shoots an arrow.
The arrow hits you!!
You emit a cloud of dark smoke.
Throw: 5 darts (atropa)
Press: ? - help, Q - select action, (/) - cycle Shift-Dir - straight line, f - centaur warrior
Aim: a centaur warrior, wielding a +0 shortbow (umbra, 74% to hit, chance to blind on hit: 66%)
You throw an atropa-tipped dart.
The atropa-tipped dart closely misses the centaur warrior.
The centaur warrior shoots an arrow.
The arrow hits you!
The centaur warrior shoots an arrow.
The arrow hits you!
* * * LOW HITPOINT WARNING * * *
You are confused.
You feel invigorated.
The centaur warrior shoots an arrow.
The arrow misses you.
Non-targeted confused throw: 4 darts (atropa)
Press: ? - help, Q - select action, (/) - cycle Dir - look around, f - activate
Okay, then.
The centaur warrior shoots an arrow.
The arrow hits you!
* * * LOW HITPOINT WARNING * * *
You bump into the rock wall.
The centaur warrior shoots an arrow.
The arrow hits you!
You die...

#. #.## #.<# ##.#
#.# #.# #.#
#######.############
...........@.......#
..
#######.##########c#
.# #.# #.# .# #.#
#.. #.# ##.### #.#
#!.. #.# #.... #.##
#...##c## #..###
#H.#
.........###.....
##.#
......).....:####
#.#
......(..###c....


You could see a centaur warrior.

Vanquished Creatures
  Fannar (D:12)
  Erolcha (D:12)
  Erica (D:8)
  A boulder beetle (D:9)
  6 two-headed ogres
  Pikel (D:4)
  Joseph (D:8)
  A gargoyle (D:12)
  Maggie (D:8)
  Psyche (D:8)
  A rime drake (Lair:1)
  A yaktaur (shapeshifter) (D:10)
  3 trolls
  A hornet (D:4)
  A queen bee (D:9)
  4 slime creatures (D:12)
  A shadow (D:7)
  4 wraiths
  2 vampires
  15 yaks
  2 wyverns
  Grum (D:10)
  2 steam dragons
  Menkaure (D:7)
  An acid dragon (D:10)
  A black bear (D:7)
  6 orc warriors
  A sky beast (D:7)
  2 wolves (D:10)
  2 ogres
  2 centaurs
  A phantom (D:5)
  2 kobold brigands
  4 bullfrogs
  3 gnoll sergeants
  A scorpion (D:6)
  14 wights
  31 killer bees
  A howler monkey (D:5)
  2 vampire bats (D:11)
  A jelly (D:4)
  Crazy Yiuf (D:4)
  5 orc priests
  4 iguanas
  A sleepcap (D:5)
  Natasha (thrice) (D:4)
  12 orc wizards
  16 gnolls
  3 adders
  An adder zombie (D:2)
  2 worms
  39 orcs
  6 bats
  A bat zombie (D:2)
  3 endoplasms
  4 giant cockroaches
  13 goblins
  7 hobgoblins
  3 jackals (D:5)
  7 quokkas
  5 ball pythons
  A ball python skeleton (D:2)
  A ball python zombie (D:2)
  2 frilled lizards
  10 kobolds
  2 rats (D:2)
281 creatures vanquished.

Vanquished Creatures (collateral kills)
  2 orcs (D:12)
  5 bats (D:11)
7 creatures vanquished.

Vanquished Creatures (others)
  An orc priest (D:13)
1 creature vanquished.

Grand Total: 289 creatures vanquished

Notes
Turn   | Place    | Note
-------+----------+-------------------------------------------
     0 | D:1      | Fecro the Spriggan Brigand began the quest for the Orb.
     0 | D:1      | Reached XP level 1. HP: 10/10 MP: 2/2
   183 | D:1      | Reached skill level 6 in Stealth
   291 | D:1      | Reached XP level 2. HP: 14/14 MP: 3/3
   506 | D:1      | Found a faded altar of an unknown god.
  1174 | D:2      | Reached XP level 3. HP: 13/18 MP: 4/4
  1521 | D:2      | Reached skill level 7 in Stealth
  1684 | D:2      | Found a shadowy altar of Dithmenos.
  1697 | D:2      | Became a worshipper of Dithmenos the Shadowed
  2401 | D:4      | Noticed Natasha
  2454 | D:4      | Killed Natasha
  2455 | D:4      | Reached skill level 1 in Spellcasting
  2455 | D:4      | Reached XP level 4. HP: 23/23 MP: 6/6
  2715 | D:4      | Reached skill level 8 in Stealth
  2715 | D:4      | Reached XP level 5. HP: 26/26 MP: 9/9
  2775 | D:4      | Noticed an ogre
  2787 | D:4      | Killed an ogre
  2788 | D:4      | Reached skill level 9 in Stealth
  2788 | D:4      | Reached XP level 6. HP: 30/30 MP: 10/10
  2860 | D:4      | Found a runed translucent door.
  2861 | D:4      | Noticed Crazy Yiuf
  2868 | D:4      | Killed Crazy Yiuf
  3104 | D:4      | Found Qeewk's Armour Emporium.
  3155 | D:4      | Found a basalt altar of Yredelemnul.
  3161 | D:4      | Found a snail-covered altar of Cheibriados.
  3162 | D:4      | Found a broken altar of Ashenzari.
  3173 | D:4      | Found a burning altar of Makhleb.
  3175 | D:4      | Found a glowing silver altar of Zin.
  3175 | D:4      | Found a bloodstained altar of Trog.
  3177 | D:4      | Found a hide-covered altar of Uskayaw.
  3225 | D:4      | Noticed Natasha
  3234 | D:4      | Killed Natasha
  3247 | D:4      | Found a staircase to the Ecumenical Temple.
  3254 | Temple   | Entered the Ecumenical Temple
  3382 | D:4      | Noticed Natasha
  3406 | D:4      | Killed Natasha
  3500 | D:5      | Entered Level 5 of the Dungeon
  3528 | D:5      | Noticed Pikel
  3572 | D:4      | Killed Pikel
  3572 | D:4      | Reached * piety under Dithmenos
  3573 | D:4      | Reached skill level 1 in Ranged Weapons
  3573 | D:4      | Reached skill level 10 in Stealth
  3573 | D:4      | Reached XP level 7. HP: 35/35 MP: 11/13
  3641 | D:5      | Noticed a hornet
  3751 | D:4      | Killed a hornet
  3752 | D:4      | Reached skill level 11 in Stealth
  3752 | D:4      | Reached XP level 8. HP: 23/39 MP: 13/15
  3860 | D:5      | Found an ancient bone altar of Kikubaaqudgha.
  3894 | D:5      | Reached skill level 5 in Throwing
  5744 | D:6      | Reached skill level 12 in Stealth
  6058 | D:7      | Noticed Menkaure
  6060 | D:7      | Killed Menkaure
  6061 | D:7      | Reached skill level 5 in Spellcasting
  6065 | D:7      | Identified the +1 hat of Famiwkao {Rampage rF+ rN+ Str-4}
  6080 | D:7      | Reached ** piety under Dithmenos
  6081 | D:7      | Reached XP level 9. HP: 43/43 MP: 17/17
  6833 | D:8      | Noticed Joseph
  6835 | D:8      | Killed Joseph
  6836 | D:8      | Reached skill level 13 in Stealth
  7326 | D:8      | Noticed a two-headed ogre
  7331 | D:8      | Noticed Erica
  7366 | D:8      | Killed Erica
  7366 | D:8      | Killed a two-headed ogre
  7367 | D:8      | Reached skill level 14 in Stealth
  7367 | D:8      | Reached skill level 1 in Evocations
  7367 | D:8      | Reached XP level 10. HP: 49/49 MP: 21/21
  7407 | D:8      | Noticed Maggie
  7410 | D:8      | Killed Maggie
  7470 | D:7      | Reached skill level 15 in Stealth
  7568 | D:8      | Found an iron altar of Okawaru.
  7568 | D:8      | Found a sparkling altar of Nemelex Xobeh.
  7878 | D:8      | Noticed Psyche
  7884 | D:8      | Killed Psyche
  7909 | D:8      | Reached *** piety under Dithmenos
  8111 | D:8      | Reached skill level 5 in Ranged Weapons
  8324 | D:8      | Learned a level 1 spell: Slow
  8326 | D:8      | Learned a level 1 spell: Summon Small Mammal
  8496 | D:9      | Got the Omnibus of the Arenous Curse
  8515 | D:9      | Reached skill level 5 in Short Blades
  8759 | D:9      | Reached skill level 16 in Stealth
  8803 | D:9      | Noticed a two-headed ogre
  8848 | D:9      | Killed a two-headed ogre
  8967 | D:9      | Reached XP level 11. HP: 52/52 MP: 23/23
  8997 | D:9      | Noticed a boulder beetle
  9109 | D:9      | Reached **** piety under Dithmenos
  9161 | D:9      | Found a runed translucent gate.
  9161 | D:9      | Found a runed translucent gate.
  9162 | D:9      | Found a runed translucent gate.
  9166 | D:9      | Noticed suzumiya's ghost (novice HuFi)
  9584 | D:9      | Killed a boulder beetle
  9754 | D:10     | Entered Level 10 of the Dungeon
  9998 | D:10     | Noticed Grum
 10004 | D:10     | Killed Grum
 10035 | D:10     | Reached skill level 17 in Stealth
 10042 | D:10     | a yak changed into a glowing shapeshifter
 10042 | D:10     | Noticed a glowing shapeshifter (glowing shapeshifter)
 10042 | D:10     | a glowing shapeshifter changed into a shock serpent
 10042 | D:10     | Noticed a shock serpent (glowing shapeshifter)
 10043 | D:10     | a shock serpent changed into a mana viper
 10043 | D:10     | Noticed a mana viper (glowing shapeshifter)
 10083 | D:10     | a yak changed into an entropy weaver
 10083 | D:10     | Noticed an entropy weaver (glowing shapeshifter)
 10084 | D:10     | an entropy weaver changed into a black bear
 10126 | D:10     | Noticed a lindwurm
 10127 | D:10     | a lindwurm changed into a yaktaur
 10460 | D:10     | Found a staircase to the Lair.
 10500 | D:10     | Reached skill level 5 in Dodging
 11019 | D:11     | Identified the +5 falchion "Beetleslayer" {flame, rElec
                  | Int+5 Dex-3}
 11066 | D:11     | Found Huur Gye's Armour Shop.
 11066 | D:11     | Found a staircase to the Orcish Mines.
 11074 | D:11     | Reached skill level 18 in Stealth
 11093 | D:11     | Bought an orb of mayhem for 182 gold pieces
 11189 | Lair:1   | Entered Level 1 of the Lair of Beasts
 11195 | Lair:1   | Reached ***** piety under Dithmenos
 12277 | D:12     | Reached skill level 19 in Stealth
 12355 | D:12     | Noticed a two-headed ogre
 12357 | D:12     | Killed a two-headed ogre
 12358 | D:12     | Reached XP level 12. HP: 58/58 MP: 26/26
 12387 | D:12     | Noticed a two-headed ogre
 12390 | D:12     | Killed a two-headed ogre
 12391 | D:12     | Found Arumoxzo's Weapon Shoppe.
 12461 | D:12     | Found Esilofon's Antique Weapon Shop.
 12484 | D:12     | Found Kauw's Book Shop.
 12485 | D:12     | Identified the +2 robe of the Tomato {-Tele Dex+6}
 12508 | D:12     | Noticed a two-headed ogre
 12509 | D:12     | Noticed a two-headed ogre
 12551 | D:12     | Killed a two-headed ogre
 12614 | D:12     | Killed a two-headed ogre
 12631 | D:12     | Found Ucoiviph's Antique Armour Shop.
 12696 | D:12     | Noticed Erolcha
 13044 | D:12     | Killed Erolcha
 13045 | D:12     | Reached skill level 20 in Stealth
 13065 | D:12     | Noticed Fannar
 13300 | D:12     | Killed Fannar
 13401 | D:12     | Found Beasch's Assorted Antiques.
 13591 | D:13     | Found a transporter.
 13593 | D:13     | Found a transporter.
 13598 | D:13     | Noticed LynnLen's ghost (journeyman SpEn)
 13599 | D:13     | Noticed a centaur warrior
 13635 | D:13     | Shot with an arrow by a centaur warrior

Illustrated notes

Levels and vault maps discovered:
D:1:      amcnicky_arrival_underground_garden, layout_loops_ring,
          basic_ecumenical_altar, st_stairs_4, kennysheep_flooded_box,
          serial_bayou_crossing
D:2:      layout_basic, basic_altar, serial_undead, serial_undead_d,
          serial_undead_f, serial_undead_c, serial_undead_b, serial_undead_c,
          serial_undead_f
D:3:      layout_basic
D:4:      cheibrodos_quashed, layout_cave_pools,
          nicolae_overflow_hallway_of_the_gods,
          minmay_temple_entry_enclosed_plants, serial_shops,
          nicolae_square_shop, uniq_natasha, uniq_crazy_yiuf_cottage
D:5:      layout_basic, mainiacjoe_overflow_cross_hatched, uniq_pikel
D:6:      wad_pebble_path, layout_rooms, hangedman_abyss_or_decor_passed
D:7:      nicolae_cairo_tiling_very_big, layout_loops_cross, uniq_menkaure
D:8:      layout_basic, gammafunk_temple_overflow_pools, uniq_maggie,
          uniq_joseph, uniq_psyche, uniq_erica
D:9:      layout_roguey [special_room_bee], gammafunk_ghost_spectres,
          serial_park_tiny_pond
D:10:     layout_roguey, lair_entry_dummy, enter_bailey_3, uniq_grum
D:11:     layout_roguey, orc_david_3, roderic_batcave
D:12:     layout_roguey, serial_shops, shop, shop_fountains, shop, shop,
          nicolae_book_shop_shelving, uniq_fannar, uniq_erolcha
D:13:     layout_loops_ring, gammafunk_ghost_hive
Temple:   nicolae_temple_no_exploring_needed
Lair:1:   beast_lair_carwin_large_1, layout_regular_city, st_stairs_7,
          serial_bayou_shore_b, infiniplex_staircase_pool

Skill      XL: |  1  2  3  4  5  6  7  8  9 10 11 12 |
---------------+-------------------------------------+-----
Stealth        | 6 7 8 9 10 11 12 14 16 19 20 | 20.1
Spellcasting   | 1 2 3 4 5 6 7 9 |  9.4
Dodging        | 2 3 4 5 |  5.3
Throwing       | 3 4 5 7 8 9 |  9.3
Fighting       | 2 3 4 |  4.1
Short Blades   | 3 4 5 6 |  6.3
Ranged Weapons | 1 3 4 5 |  5.6
Evocations     | 1 3 |  3.5
Shields        | |  0.5

Action                     |  1- 3 |  4- 6 |  7- 9 | 10-12 || total
---------------------------+-------+-------+-------+-------++-------
  Melee: Dagger            |   109 |    64 |   151 |   320 ||   644
         Punch             |       |       |     4 |     2 ||     6
   Fire: Sling             |       |    13 |   120 |    29 ||   162
  Throw: Boomerang         |    12 |    23 |    24 |       ||    59
         Dart              |     1 |    12 |    16 |    79 ||   108
         Throwing net      |       |       |       |     1 ||     1
   Cast: Summon Small Mamm |       |       |       |     1 ||     1
  Evoke: Wand              |       |       |    13 |     8 ||    21
         Lightning rod     |       |       |       |    11 ||    11
    Use: Scroll            |       |       |     4 |     6 ||    10
         Potion            |       |       |       |     2 ||     2
   Stab: Sleeping          |    15 |    10 |    26 |    46 ||    97
         Distracted        |       |     1 |       |     6 ||     7
         Confused          |       |       |       |     2 ||     2
         Invisible         |       |       |       |     1 ||     1
 Armour: Robe              |    18 |     6 |     8 |    24 ||    56
  Dodge: Dodged            |    72 |    33 |   108 |   227 ||   440
  Block: Buckler           |       |       |       |     9 ||     9
